 Dungeon Crawl Stone Soup version 0.29.1-12-g30fa7ad0bf (webtiles) character file.

Game seed: 1380327754889032154

7995 Peloso the Carver (level 11, -13/95 HPs)
             Began as a Minotaur Fighter on Jan 17, 2023.
             Was an Elder of Okawaru.
             Mangled by a white ugly thing (29 damage)
             ... on level 11 of the Dungeon.
             The game lasted 00:19:21 (9878 turns).

Peloso the Carver (Minotaur Fighter)                Turns: 9878, Time: 00:19:21

Health: -13/95     AC: 20    Str: 24    XL:     11   Next: 4%
Magic:  10/11      EV: 11    Int: 11    God:    Okawaru [****..]
Gold:   688        SH:  7    Dex: 15    Spells: 10/10 levels left

rFire   . . .      SeeInvis .   a - +2 long sword "Symentamn" {vorpal, rElec}
rCold   . . .      Faith    .   d - +0 buckler
rNeg    + . .      Spirit   .   c - +0 plate armour
rPois   .          Reflect  .   (helmet restricted)
rElec   +          Harm     .   q - +0 cloak
rCorr   .          Rampage  .   (no gloves)
Will    .....                   h - +0 pair of boots
Stlth   ..........              i - amulet of regeneration
HPRegen 1.05/turn               f - ring of Exkawewe {rN+ Int+6 Dex+4}
MPRegen 0.12/turn               (no ring)

@: heroic
A: horns 2, retaliatory headbutt
a: Renounce Religion, Heroism, Finesse


You were on level 11 of the Dungeon.
You worshipped Okawaru.
Okawaru was greatly pleased with you.
You visited 2 branches of the dungeon, and saw 12 of its levels.
You also visited: Sewer.

You collected 708 gold pieces.
You spent 20 gold pieces at shops.

Inventory:

Hand Weapons
 a - the +2 long sword "Symentamn" (weapon) {vorpal, rElec}
   (You found it on level 5 of the Dungeon)

   It inflicts extra damage upon your enemies.
   rElec:     It insulates you from electricity.
 b - the +4 hand axe of Purpose {flame, rElec rF- rC++ Dex+4}
   (You found it on level 3 of the Dungeon)

   It burns those it strikes, dealing additional fire damage.
   Big, fiery blades are also staple armaments of hydra-hunters.
   Dex:       It affects your dexterity (+4).
   rF:        It makes you vulnerable to fire.
   rC:        It greatly protects you from cold.
   rElec:     It insulates you from electricity.
Missiles
 k - 2 throwing nets (quivered)
Armour
 c - a +0 plate armour (worn)
 d - a +0 buckler (worn)
 h - a +0 pair of boots (worn)
 q - a +0 cloak (worn)
 r - a +0 scale mail
Jewellery
 f - the ring of Exkawewe (left hand) {rN+ Int+6 Dex+4}
   (You found it on level 3 of the Dungeon)

   [ring of intelligence]

   Int:       It affects your intelligence (+6).
   Dex:       It affects your dexterity (+4).
   rN:        It protects you from negative energy.
 i - an amulet of regeneration (around neck)
 o - a ring of willpower
Wands
 u - a wand of roots (10)
 w - a wand of paralysis (17)
 z - a wand of mindburst (7)
Scrolls
 j - 3 scrolls of teleportation
 t - a scroll of enchant weapon
 v - 2 scrolls of identify
 x - a scroll of poison
 y - 2 scrolls of fear {unknown}
 A - a scroll of amnesia
 B - a scroll of acquirement {unknown}
 C - a scroll of vulnerability {unknown}
 D - a scroll of enchant armour {unknown}
 E - a scroll of blinking
Potions
 e - 6 potions of magic
 g - 4 potions of mutation
 l - 3 potions of curing
 m - 4 potions of might
 n - 4 potions of invisibility
 p - 2 potions of brilliance
 s - 3 potions of haste


   Skills:
 + Level 8.4(13.4) Fighting
 + Level 12.9(17.9) Long Blades
 + Level 0.8(5.8) Axes
 + Level 0.2(5.2) Throwing
 + Level 11.2(16.2) Armour
 + Level 3.6(8.6) Dodging
 + Level 1.1(6.1) Stealth
 + Level 8.3(13.3) Shields
 + Level 1.3 Invocations


You had 10 spell levels left.
You didn't know any spells.
Your spell library contained the following spells:

 Spells                   Type           Power      Damage    Failure   Level
 Shock                    Conj/Air       0%         1d3       97%         1
 Ensorcelled Hibernation  Hex/Ice        0%         N/A       99%         2
 Passwall                 Tmut/Erth      0%         N/A       99%         2
 Scorch                   Fire           0%         2d5       99%         2
 Stone Arrow              Conj/Erth      0%         3d7       100%        3
 Swiftness                Air            0%         N/A       100%        3
 Airstrike                Air            0%         2d(0-16)  100%        4
 Flame Wave               Conj/Fire      0%         2d4       100%        4
 Freezing Cloud           Conj/Ice/Air   0%         6-21      100%        5
 Lehudib's Crystal Spear  Conj/Erth      0%         10d2      100%        8
 Polar Vortex             Ice            0%         N/A       100%        9
 Animate Armour           Summ/Erth      Unusable   N/A       N/A         4
 Simulacrum               Ice/Necr       Unusable   N/A       N/A         6
 Summon Cactus Giant      Summ           Unusable   N/A       N/A         6

Dungeon Overview and Level Annotations

Branches:
Dungeon (11/15)            Temple (1/1) D:6             Orc (0/2) D:11
  Sewer (visited)
   Lair: D:8-11

Altars:
Ashenzari
Cheibriados
Dithmenos
Elyvilon
Fedhas
Hepliaklqana
Kikubaaqudgha
Makhleb
Nemelex Xobeh
Okawaru
Qazlal
Ru
Sif Muna
Trog
Uskayaw
Wu Jian
Xom
Yredelemnul
The Shining One

Shops:
D:2 ?

Annotations:
D:4 2 runed translucent doors, MacCMillion's ghost, novice MfGl
D:7 2 transporters, exclusion: ice statue, kalagan's ghost, novice DECj


Innate Abilities, Weirdness & Mutations

You have a pair of horns on your head.
You reflexively headbutt those who attack you in melee.


Message History

You gain the combat prowess of a mighty hero.
The white ugly thing barely misses you.
You slash the white ugly thing!
The white ugly thing is moderately wounded.
You slash the white ugly thing!
The white ugly thing is moderately wounded.
The white ugly thing punches you. The white ugly thing freezes you!!
Unknown command.
You barely miss the white ugly thing.
The white ugly thing is moderately wounded.
The white ugly thing punches you but does no damage.
Unknown command.
You hit the white ugly thing.
The white ugly thing is heavily wounded.
The white ugly thing punches you! The white ugly thing freezes you!!
Unknown command.
You slash the white ugly thing!
You headbutt the white ugly thing, but do no damage.
The white ugly thing is severely wounded.
You completely miss the white ugly thing.
The white ugly thing is severely wounded.
The white ugly thing punches you but does no damage.
Unknown command.
You barely miss the white ugly thing.
The white ugly thing is severely wounded.
The white ugly thing punches you. The white ugly thing freezes you!!
* * * LOW HITPOINT WARNING * * *
You slash the white ugly thing!
Your headbutt misses the white ugly thing.
The white ugly thing is almost dead.
You closely miss the white ugly thing.
Your headbutt misses the white ugly thing.
The white ugly thing is almost dead.
The white ugly thing punches you but does no damage.
You hit the white ugly thing.
The white ugly thing is almost dead.
The white ugly thing punches you.
* * * LOW HITPOINT WARNING * * *
The white ugly thing freezes you!!
You die...

#.#####....
#..........
#..........
#..........
#..........
#####+###
#..........
........#
#.#####....
........######.#
#....
......u@.......#
#....
...............#
###..
...$...........#
#..
...............#
#..
....####+###...#
#.. #... #...#
#.. #.. #...#
#.. ## ##### #..
#.<


You could see a white ugly thing.

Vanquished Creatures
  A hydra (D:11)
  A two-headed ogre (D:8)
  Maggie (D:8)
  A gargoyle (D:10)
  An unseen horror (D:10)
  A vampire (D:9)
  A shadow (D:9)
  A wyvern (D:9)
  10 vampire mosquitoes
  2 steam dragons
  A water moccasin (D:8)
  An ice beast (D:6)
  2 sky beasts (D:8)
  A black bear (D:7)
  2 orc warriors
  4 ogres
  4 centaurs
  A phantom (D:6)
  4 bullfrogs
  3 kobold brigands
  A necrophage (D:4)
  7 scorpions
  8 wights
  5 killer bees (D:10)
  3 hounds
  An iron imp (D:9)
  3 gnoll boudas
  3 orc priests
  2 jellies
  3 iguanas
  9 orc wizards
  14 gnolls
  11 adders
  2 river rats (Sewer)
  2 shadow imps
  An ufetubus (D:7)
  2 worms
  4 dart slugs
  14 orcs
  10 ball pythons
  5 bats
  12 endoplasms
  14 giant cockroaches
  10 goblins
  4 hobgoblins
  7 jackals
  A quokka (D:1)
  5 frilled lizards (Sewer)
  22 kobolds
  9 rats
237 creatures vanquished.

Vanquished Creatures (others)
  A gnoll (D:9)
  2 plants (D:10)
3 creatures vanquished.

Grand Total: 240 creatures vanquished

Notes
Turn   | Place    | Note
-------+----------+-------------------------------------------
     0 | D:1      | Peloso the Minotaur Fighter began the quest for the Orb.
     0 | D:1      | Reached XP level 1. HP: 19/19 MP: 0/0
   365 | D:1      | Reached XP level 2. HP: 27/27 MP: 1/1
   669 | D:1      | Found a faded altar of an unknown god.
  1132 | D:2      | Reached XP level 3. HP: 32/33 MP: 2/2
  1347 | D:2      | Reached skill level 3 in Long Blades
  1387 | D:2      | Found a shimmering blue altar of Sif Muna.
  1461 | D:2      | Found Oduren's Magic Scroll Shop.
  1467 | D:2      | Bought a scroll of identify for 20 gold pieces
  1739 | D:2      | Reached XP level 4. HP: 34/40 MP: 3/3
  1883 | D:3      | Identified the ring of Exkawewe {rN+ Int+6 Dex+4}
  1959 | D:3      | Reached skill level 4 in Long Blades
  1962 | D:3      | Reached skill level 1 in Dodging
  1986 | D:3      | Identified the +4 hand axe of Purpose {flame, rElec rF-
                  | rC++ Dex+4}
  2112 | D:3      | Reached XP level 5. HP: 45/46 MP: 4/4
  2343 | D:3      | Found a hide-covered altar of Uskayaw.
  2722 | D:4      | Noticed an ogre
  2726 | D:4      | Reached skill level 5 in Armour
  2730 | D:4      | Killed an ogre
  2731 | D:4      | Reached skill level 5 in Long Blades
  2731 | D:4      | Reached XP level 6. HP: 33/53 MP: 5/5
  2763 | D:4      | Reached skill level 6 in Long Blades
  2814 | D:4      | Reached XP level 7. HP: 44/60 MP: 6/6
  2921 | D:4      | Found a large runed translucent door.
  2921 | D:4      | Found a large runed translucent door.
  2925 | D:4      | Noticed MacCMillion's ghost (novice MfGl)
  3476 | D:5      | Entered Level 5 of the Dungeon
  3498 | D:5      | Reached skill level 5 in Fighting
  3613 | D:5      | Reached skill level 7 in Long Blades
  3735 | D:5      | Identified the +2 long sword "Symentamn" {vorpal, rElec}
  4165 | D:6      | Reached XP level 8. HP: 68/69 MP: 7/7
  4287 | D:6      | Found a glowing drain.
  4293 | Sewer    | Entered a sewer
  4389 | Sewer    | Reached skill level 8 in Long Blades
  4493 | Sewer    | Found a viscous altar of Jiyva.
  4663 | D:6      | Reached skill level 5 in Shields
  4910 | D:6      | Found a staircase to the Ecumenical Temple.
  4919 | Temple   | Entered the Ecumenical Temple
  4999 | Temple   | Became a worshipper of Warmaster Okawaru
  5118 | D:6      | Found an ornate altar of the Wu Jian Council.
  5530 | D:7      | Reached skill level 9 in Long Blades
  5610 | D:7      | Reached * piety under Okawaru
  5660 | D:7      | Found a transporter.
  5662 | D:7      | Found a transporter.
  5669 | D:7      | Noticed kalagan's ghost (novice DECj)
  5771 | D:7      | Noticed an ice statue
  5827 | D:7      | Noticed a manticore
  5914 | D:7      | Noticed a six-headed hydra
  5955 | D:7      | Reached XP level 9. HP: 72/75 MP: 8/8
  6124 | D:7      | Reached skill level 1 in Stealth
  6306 | D:8      | Found a shimmering altar of Xom.
  6317 | D:8      | Reached skill level 10 in Long Blades
  6376 | D:8      | Noticed a two-headed ogre
  6393 | D:8      | Killed a two-headed ogre
  6393 | D:8      | Reached ** piety under Okawaru
  6730 | D:8      | Noticed Maggie
  6742 | D:8      | Killed Maggie
  6743 | D:8      | Reached skill level 11 in Long Blades
  6792 | D:8      | Found a burning altar of Makhleb.
  7131 | D:9      | Reached XP level 10. HP: 86/86 MP: 9/9
  7172 | D:9      | Reached skill level 1 in Invocations
  7236 | D:9      | Reached *** piety under Okawaru
  7776 | D:9      | Found a bloodstained altar of Trog.
  8022 | D:9      | Found a snail-covered altar of Cheibriados.
  8142 | D:10     | Entered Level 10 of the Dungeon
  8193 | D:10     | Reached skill level 10 in Armour
  8420 | D:10     | Reached skill level 12 in Long Blades
  8488 | D:10     | Noticed a gargoyle
  8503 | D:10     | Killed a gargoyle
  8600 | D:10     | Reached **** piety under Okawaru
  9282 | D:11     | Noticed an eight-headed hydra
  9711 | D:11     | Killed a one-headed hydra
  9712 | D:11     | Reached XP level 11. HP: 49/95 MP: 9/11
  9765 | D:11     | Found a staircase to the Orcish Mines.
  9865 | D:11     | Noticed a white ugly thing
  9878 | D:11     | Mangled by a white ugly thing

Illustrated notes

Levels and vault maps discovered:
D:1:      dpeg_arrival_rooms_a, layout_loops_corners,
          shapermc_ecumenical_altar_gd
D:2:      layout_loops_ring, serial_shops, shop, basic_altar
D:3:      layout_loops_ring, mainiacjoe_overflow_surrounded_room,
          supply_closet_lemuel, roderic_roman_lattice
D:4:      layout_cave_pools, ebering_ghost_disaster_area, minmay_misc_feat_x
D:5:      layout_basic
D:6:      layout_loops_ring, pdpol_wu_jian_five_deadly_venoms,
          minmay_temple_entry_poolview, gup_sewer_entry_bubbles
D:7:      layout_basic, nzn_ghost_randoct
D:8:      layout_loops_corners, mainiacjoe_overflow_brackets,
          makhleb_blood_cavern_becter, uniq_maggie
D:9:      layout_layer_cave, trog_butcher_becter, slow_altar_2
D:10:     layout_basic, serial_glass, glass_columns_b, glass_columns_b,
          glass_columns_a, glass_columns_a, glass_columns_b, glass_columns_a,
          minmay_misc_feat_cross, serial_bayou_pond_a, hex_large,
          lemuel_flamethrower_2
D:11:     layout_irregular_city, erik_lair_dragon, orc_0_dummy
Temple:   regret_index_temple_sphere_string

Skill      XL: |  1  2  3  4  5  6  7  8  9 10 |
---------------+-------------------------------+-----
Armour         | 4 5 6 7 9 11 | 11.2
Shields        | 4 5 7 8 |  8.3
Fighting       | 4 5 6 7 8 |  8.4
Long Blades    | 3 4 5 6 7 9 11 12 | 12.9
Dodging        | 1 2 3 |  3.6
Stealth        | 1 |  1.1
Invocations    | 1 |  1.3
Axes           | |  0.8
Throwing       | |  0.2

Action                   |  1- 3 |  4- 6 |  7- 9 | 10-12 || total
-------------------------+-------+-------+-------+-------++-------
Melee: Long sword        |    96 |    69 |   336 |   226 ||   727
       Headbutt          |    13 |    14 |    60 |    49 ||   136
       Hand axe          |       |       |       |    10 ||    10
Throw: Throwing net      |       |       |     1 |       ||     1
Invok: Heroism           |       |       |     2 |     6 ||     8
  Use: Scroll            |     8 |     1 |     5 |     2 ||    16
       Potion            |     2 |     1 |       |     2 ||     5
Armor: Scale mail        |    58 |    27 |    74 |       ||   159
       Plate armour      |       |       |    84 |   207 ||   291
Dodge: Dodged            |    53 |    39 |   127 |   105 ||   324
Block: Buckler           |    16 |    20 |    79 |    82 ||   197
